 Dungeon Crawl Stone Soup version 0.21.0 (webtiles) character file.

6151 Necromist the Cleaver (level 10, 0/91 HPs)
             Began as a Deep Dwarf Fighter on Jan 6, 2018.
             Was a Priest of Wu Jian.
             Slain by a killer bee (6 damage)
             ... on level 8 of the Dungeon.
             The game lasted 00:16:03 (5336 turns).

Necromist the Cleaver (Deep Dwarf Fighter)          Turns: 5336, Time: 00:16:04

Health: 0/91       AC: 11    Str: 24    XL:     10   Next: 59%
Magic:  2/2        EV: 11    Int:  8    God:    Wu Jian [***...]
Gold:   76         SH: 12    Dex: 15    Spells: 9/9 levels left

rFire    . . .     SeeInvis .   x - +1 war axe (antimagic)
rCold    . . .     Gourm    .   c - +0 shield
rNeg     + . .     Faith    .   t - +1 ring mail {rN+}
rPois    .         Spirit   .   (no helmet)
rElec    .         Reflect  .   (no cloak)
rCorr    .         Harm     .   I - +0 pair of gloves {Dex+3}
MR       +....                  q - +1 pair of boots
Stlth    +.........             G - amulet of rage
HPRegen  0.00/turn              (no ring)
MPRegen  0.08/turn              (no ring)

@: lethally poisoned (0 -> -17), non-regenerating
A: damage resistance, heal wounds, sense surroundings 2, no regeneration
a: Heal Wounds, Wall Jump, Serpent's Lash, Renounce Religion, Evoke Berserk Rage


You were on level 8 of the Dungeon.
You worshipped Wu Jian.
Wu Jian was most pleased with you.
You were full.

You visited 2 branches of the dungeon, and saw 9 of its levels.
You also visited: Sewer.

You collected 308 gold pieces.
You spent 232 gold pieces at shops.

Inventory:

Hand Weapons
 a - a +0 war axe
 m - a +0 hunting sling
 x - a +1 antimagic war axe (weapon)
Armour
 c - a +0 shield (worn)
 q - a +1 pair of boots (worn)
 t - a +1 ring mail of positive energy (worn)
 A - a +0 cloak
 E - a +0 plate armour
 I - a +0 pair of gloves of dexterity (worn)
Jewellery
 r - an uncursed amulet of the gourmand
 F - an uncursed ring of teleportation
 G - an amulet of rage (around neck)
Scrolls
 e - 7 scrolls of teleportation
 g - 5 scrolls of remove curse
 h - a scroll of vulnerability {unknown}
 j - 5 scrolls of enchant weapon
 p - 2 scrolls of blinking
 w - a scroll of immolation {unknown}
 y - a scroll of silence {unknown}
 z - 2 scrolls of enchant armour {unknown}
 C - a scroll of random uselessness {unknown}
 D - 3 scrolls of identify
Potions
 d - 2 potions of might
 i - 3 potions of brilliance
 k - a potion of berserk rage {unknown}
 l - 2 potions of ambrosia
 n - 7 potions of curing
 o - a potion of mutation
 s - 4 potions of lignification
 u - 2 potions of heal wounds
 v - 3 potions of magic
 B - 2 potions of degeneration {unknown}
Comestibles
 b - 4 chunks of flesh
 f - 20 rations


   Skills:
 + Level 6.2 Fighting
 + Level 12.3 Axes
 + Level 6.6 Armour
 + Level 2.7 Dodging
 + Level 7.9 Shields
 * Level 4.5 Evocations


You had 9 spell levels left.
You didn't know any spells.

Dungeon Overview and Level Annotations

Branches:
Dungeon (8/15)             Temple (1/1) D:4
   Lair: D:8-11

Altars:
Ashenzari
Cheibriados
Dithmenos
Fedhas
Gozag
Hepliaklqana
Kikubaaqudgha
Makhleb
Nemelex Xobeh
Okawaru
Qazlal
Uskayaw
Wu Jian
Xom
Yredelemnul
Zin

Shops:
D:7 [

Annotations:
D:4 2 transporters


Innate Abilities, Weirdness & Mutations

You are resistant to damage.
You can heal yourself by infusing magical energy.
You passively map the area around you.
You do not regenerate.


Message History

You barely miss the killer bee.
You feel sick. You block the killer bee's attack.
The killer bee barely misses you. You block the killer bee's attack.
The killer bee stings you but does no damage.
You miss the killer bee.
The killer bee is severely wounded.
You closely miss the killer bee.
You feel sick. You block the killer bee's attack.
The killer bee barely misses you. The killer bee stings you!
* * * LOW HITPOINT WARNING * * *
You are lethally poisoned!
The killer bee poisons you!
The killer bee stings you but does no damage.
You closely miss the killer bee.
The killer bee is severely wounded.
You hit the killer bee.
* * * LOW HITPOINT WARNING * * *
You feel very sick. You block the killer bee's attack.
The killer bee stings you!
You die...

# .≈≈;.. ≈≈.....* ,,
#..#..#.# ....... ,, ,
#.##............. , , *
,,, , ..##............. ,
* , , ...#.#...#...)...* ,
* *, ..............♣♣♣♣♣♣
, . .............♣ ♣.♣.♣
..♣, *
.....#....♣♣♣.♣♣.y♣♣.$♣.♣
,,
.....#.♣.♣.♣♣♣.†@y.≈≈..♣ ,
.....†♣..♣..♣..††♣≈≈≈.♣..
*,
..))))♣♣♣.♣....♣...♣≈≈..♣,
* #.)[††♣
♣♣....#######.≈♣. .÷)###♣
♣..♣.##


#Tc #≈≈♣ , ##.....♣♣.♣♣## #T# #≈≈ * ...#.#..♣♣.# , #.. #≈ , ........♣.##* *###*
, #..####♣...##, * , ,* , ,,, You could see 2 trolls and 2 killer bees.

Vanquished Creatures
  The ghost of RKaid the Geomancer, a novice GrEE of Jiyva (D:7)
  Pikel (D:5)
  A hippogriff (D:8)
  Edmund (D:4)
  A water moccasin (D:7)
  An ice beast (D:7)
  4 slaves (D:5)
  Purgy (Sewer)
  3 orc warriors
  A sky beast (D:8)
  The ghost of Anmu the Covered, an amateur FoFi of Okawaru (D:3)
  4 centaurs
  2 ogres
  4 bullfrogs (D:7)
  38 killer bees (D:8)
  5 wights (D:8)
  2 crimson imps (D:5)
  A bullfrog zombie (D:6)
  A jelly (D:7)
  2 hounds (D:6)
  11 orc priests
  12 orc wizards
  A centaur skeleton (D:4)
  6 iguanas
  5 worker ants
  3 hound skeletons (D:7)
  2 worker ant zombies (D:7)
  3 gnolls (D:4)
  13 adders
  A hound simulacrum (D:8)
  2 shadow imps
  A white imp (D:8)
  An ooze (D:3)
  2 adder skeletons
  An adder zombie (D:7)
  2 dart slugs
  3 leopard geckos (D:6)
  36 orcs
  3 bats
  9 giant cockroaches
  5 goblins
  10 hobgoblins
  5 jackals
  5 quokkas
  6 ball pythons
  6 frilled lizards
  2 gnoll zombies (D:4)
  8 kobolds
  A leopard gecko skeleton (D:7)
  6 rats
246 creatures vanquished.

Notes
Turn   | Place    | Note
-------+----------+-------------------------------------------
     0 | D:1      | Necromist the Deep Dwarf Fighter began the quest for the Orb.
     0 | D:1      | Reached XP level 1. HP: 20/20 MP: 1/1
   141 | D:1      | Reached skill level 3 in Axes
   141 | D:1      | Reached XP level 2. HP: 20/27 MP: 2/2
   641 | D:2      | Reached skill level 4 in Axes
   641 | D:2      | Reached XP level 3. HP: 6/33 MP: 3/3
   704 | D:2      | Found a sparkling altar of Nemelex Xobeh.
   704 | D:2      | Found a stormy altar of Qazlal.
  1137 | D:3      | Found an ancient bone altar of Kikubaaqudgha.
  1240 | D:3      | Reached XP level 4. HP: 24/40 MP: 4/4
  1257 | D:3      | Reached skill level 5 in Axes
  1398 | D:3      | Reached XP level 5. HP: 28/46 MP: 5/5
  1401 | D:3      | Noticed Anmu's ghost (amateur FoFi)
  1419 | D:3      | Killed Anmu's ghost
  1419 | D:3      | Reached skill level 6 in Axes
  1652 | D:4      | Found a transporter.
  1681 | D:4      | Found a transporter.
  1709 | D:4      | Reached XP level 6. HP: 47/55 MP: 6/6
  1710 | D:4      | Reached skill level 7 in Axes
  1721 | D:4      | Found a staircase to the Ecumenical Temple.
  1756 | Temple   | Entered the Ecumenical Temple
  1777 | Temple   | Became a worshipper of the Wu Jian Council
  1909 | D:4      | Noticed Edmund
  1924 | D:4      | Killed Edmund
  2046 | D:4      | Reached XP level 7. HP: 43/62 MP: 6/6
  2081 | D:4      | Found a burning altar of Makhleb.
  2208 | D:4      | Reached skill level 8 in Axes
  2396 | D:4      | Found a basalt altar of Yredelemnul.
  2508 | D:5      | Entered Level 5 of the Dungeon
  2538 | D:5      | Reached * piety under Wu Jian
  2853 | D:5      | Noticed Pikel
  2884 | D:5      | Killed Pikel
  2884 | D:5      | Reached skill level 9 in Axes
  2884 | D:5      | Reached skill level 5 in Shields
  2884 | D:5      | Reached XP level 8. HP: 14/72 MP: 7/7
  3081 | D:5      | HP: 3/72 [centaur (3)]
  3506 | D:6      | Reached skill level 10 in Axes
  3528 | D:6      | Found a glowing drain.
  3542 | Sewer    | Entered a sewer
  3561 | Sewer    | Noticed Purgy
  3579 | Sewer    | Killed Purgy
  4079 | D:6      | Reached skill level 5 in Armour
  4097 | D:6      | Found a shadowy altar of Dithmenos.
  4128 | D:6      | You fall through a shaft!
  4146 | D:7      | Gained mutation: You passively map the area around you. [Deep Dwarf growth]
  4146 | D:7      | Reached XP level 9. HP: 57/80 MP: 7/7
  4232 | D:7      | Reached ** piety under Wu Jian
  4271 | D:7      | Reached skill level 5 in Fighting
  4393 | D:7      | Reached skill level 11 in Axes
  4422 | D:7      | Found Xanack's Antique Armour Emporium.
  4452 | D:7      | Noticed RKaid's ghost (novice GrEE)
  4501 | D:7      | Killed RKaid's ghost
  4524 | D:7      | Bought a pair of embroidered gloves for 232 gold pieces
  4640 | D:7      | Reached skill level 1 in Evocations
  5037 | D:8      | Reached XP level 10. HP: 32/90 MP: 7/7
  5040 | D:8      | Reached skill level 1 in Dodging
  5064 | D:8      | Reached skill level 12 in Axes
  5108 | D:8      | Reached *** piety under Wu Jian
  5221 | D:8      | Found a hide-covered altar of Uskayaw.
  5322 | D:8      | HP: 3/91 [poisoned by a killer bee]
  5336 | D:8      | Slain by a killer bee

Skill      XL: |  1  2  3  4  5  6  7  8  9 10 |
---------------+-------------------------------+-----
Axes           | 3 4 5 6 7 9 10 11 12 | 12.3
Fighting       | 3 4 5 6 |  6.2
Shields        | 4 5 7 |  7.9
Armour         | 4 5 6 |  6.6
Evocations     | 1 4 |  4.5
Dodging        | 2 |  2.7

Action                   |  1- 3 |  4- 6 |  7- 9 | 10-12 || total
-------------------------+-------+-------+-------+-------++-------
Melee: War axe           |   118 |   141 |   513 |   131 ||   903
Invok: Lunge             |       |     3 |    26 |     2 ||    31
       Whirlwind         |       |       |    60 |    18 ||    78
       Wall Jump         |       |       |     2 |     5 ||     7
 Abil: Heal Wounds       |     1 |     4 |    15 |    13 ||    33
       Evoke Berserk Rag |       |       |       |     1 ||     1
  Use: Scroll            |       |       |    12 |       ||    12
  Eat: Chunk             |     1 |     3 |    20 |       ||    24
Armor: Scale mail        |    58 |    56 |       |       ||   114
       Ring mail         |       |     3 |   164 |   166 ||   333
Dodge: Dodged            |    32 |    44 |   151 |   190 ||   417
Block: Shield            |    59 |    81 |   234 |   223 ||   597
